AoeStats
← JLC4

Migration

508019151Analyzed
1v1 RM · 13d ago on Sep 20, 2026· 53m 50s· 2 players
Game mode
Random Map
Map size
132×132
Population
200
Speed
Normal
Resources
Standard
Victory
Conquest
Starting age
Dark Age
Ending age
Imperial Age
RankedLock teamsTeams togetherTeam positionsShared explorationLock speedFull tech treeHidden civsTurbo modeCheats
Victory
Defeat
🇨🇿 Vikings · Czechia
771
+17
🇬🇧 Italians · United Kingdom
802
-17
JLC4
2:28 Loom
3:07 Loom
4:06 Loom
7:43 Loom
9:52 Feudal Age
18:41 Castle Age
19:15 Crossbowman
19:51 Fletching
21:05 Medium Warships
24:50 Bodkin Arrow
24:56 Padded Archer Armor
26:24 Pikeman
36:38 Squires
36:23 Arson
41:00 Imperial Age
41:22 Town Watch
42:19 Conscription
44:02 Chemistry
44:59 Elite Longship
46:42 Double-Bit Axe
47:46 Ballistics
47:31 Heated Shot
48:35 Bow Saw
50:00 Stone Mining
jack12proffitt
11:11 Feudal Age
11:36 Double-Bit Axe
11:57 Fishing Lines
17:47 Castle Age
18:39 Gillnets
19:02 Medium Warships
19:51 Town Watch
20:41 Wheelbarrow
20:53 Gold Mining
24:17 Squires
24:50 Scale Barding Armor
24:56 Forging
25:46 Bloodlines
26:07 Town Patrol
28:47 Horse Collar
31:59 Heavy Plow
32:10 Bow Saw
31:53 Stone Mining
33:23 Light Cavalry
40:06 Imperial Age
40:45 Siphons
41:18 Heavy Warships
42:20 Incendiaries
48:52 Chemistry
48:12 Ballistics
47:43 Cavalier
50:03 Chain Barding Armor
50:19 Iron Casting
Connection lost

Rejoining the realm…

Still unreachable

The connection could not be restored.

Session expired

The server has moved on; the page needs a fresh start.